 Dungeon Crawl Stone Soup version 0.28.0-43-g3370ac3207 (webtiles) character file.

Game seed: 14777891071430137745

89 rgdtfgyuhij the Skirmisher (level 4, 0/37 HPs)
             Began as a Human Cinder Acolyte on Mar 11, 2022.
             Was a Follower of Elyvilon.
             Killed by divine providence
             ... invoked by an orc priest
              (13 damage)
             ... on level 4 of the Dungeon.
             The game lasted 00:15:26 (3154 turns).

rgdtfgyuhij the Skirmisher (Human Cinder Acolyte)   Turns: 3154, Time: 00:15:33

Health: 0/37       AC: 14    Str: 17    XL:     4   Next: 84%
Magic:  6/6        EV:  3    Int: 14    God:    Elyvilon [*.....]
Gold:   61         SH:  6    Dex:  8    Spells: 6/6 levels left

rFire   x . .      SeeInvis .   a - -1 hand axe (flame)
rCold   + + .      Faith    .   t - +0 kite shield
rNeg    . . .      Spirit   .   x - +0 plate armour
rPois   .          Reflect  .   h - +0 helmet
rElec   .          Harm     .   (no cloak)
rCorr   .          Rampage  .   (no gloves)
Will    .....                   v - +2 pair of boots {Stlth+}
Stlth   ..........              (no amulet)
HPRegen 0.12/turn               k - ring of ice
MPRegen 0.10/turn               m - ring of protection from cold

@: no status effects
A: no striking features
a: Renounce Religion, Purification


You were on level 4 of the Dungeon.
You worshipped Elyvilon.
Elyvilon was aware of your devotion.
You visited 1 branch of the dungeon, and saw 4 of its levels.

You collected 85 gold pieces.
You spent 24 gold pieces at shops.

Inventory:

Hand Weapons
 a - a -1 hand axe of flaming (weapon)
 u - a +0 halberd of protection
Armour
 h - a +0 helmet (worn)
 j - a +0 cloak
 t - a +0 kite shield (worn)
 v - a +2 pair of boots of stealth (worn)
 x - a +0 plate armour (worn)
Magical Staves
 s - a staff of fire
Jewellery
 i - a +4 ring of evasion
 k - a ring of ice (left hand)
 m - a ring of protection from cold (right hand)
Scrolls
 b - a scroll of silence {unknown}
 e - a scroll of enchant weapon {unknown}
 f - 2 scrolls of identify
 g - a scroll of fog {unknown}
 l - a scroll of vulnerability {unknown}
 p - 2 scrolls of fear {unknown}
 r - 2 scrolls of teleportation {unknown}
 w - a scroll of immolation {unknown}
Potions
 c - a potion of degeneration {unknown}
 d - 2 potions of haste
 n - a potion of curing {unknown}
 o - a potion of lignification {unknown}
 q - 2 potions of attraction


   Skills:
 * Level 3.8 Fighting
 + Level 3.6 Axes
 * Level 1.1 Armour
 - Level 1.1 Dodging
 + Level 0.6 Shields
 - Level 1.5 Spellcasting
 - Level 3.0 Fire Magic


You had 6 spell levels left.
You didn't know any spells.
Your spell library contained the following spells:

 Spells                   Type           Power      Damage    Failure   Level
 Beastly Appendage        Tmut           2%         N/A       100%        1
 Ensorcelled Hibernation  Hex/Ice        2%         N/A       100%        2
 Scorch                   Fire           18%        2d6       100%        2
 Wereblood                Tmut           1%         N/A       100%        2
 Spider Form              Tmut/Pois      1%         N/A       100%        3
 Anguish                  Hex/Necr       0%         N/A       100%        4


Dungeon Overview and Level Annotations

Branches:
Dungeon (4/15)
 Temple: D:4-7

Altars:
Ashenzari
Elyvilon

Shops:
D:3 ?


Message History

You enter a dispersal trap!
The orc blinks! x4; The orc priest blinks!
You blink.
The orc hits you but does no damage.
You hit the orc. You burn the orc.
The orc is moderately wounded.
You block the orc's attack.
You hit the orc but do no damage.
The orc is moderately wounded.
You hit the orc. You burn the orc. The orc hits you with a +0 mace.
The orc hits you but does no damage. x2
You hit the orc. You burn the orc.
You kill the orc!
You hit the orc but do no damage. You block the orc's attack.
You hit the orc. You burn the orc.
You kill the orc!
You block the orc's attack.
Things that are here:
a +0 whip; 12 gold pieces You hit the orc.
You burn the orc.
The orc is heavily wounded.
The orc hits you but does no damage.
You are electrocuted!
You are too injured to fight recklessly!
You are too injured to fight recklessly!
The orc hits you but does no damage.
You hit the orc but do no damage.
The orc is heavily wounded.
You block the orc's attack.
The orc priest calls upon Beogh to heal the orc.
The orc's wounds heal themselves!
You barely miss the orc. The orc hits you but does no damage.
You block the orc's attack.
You hit the orc. You burn the orc.
You kill the orc!
You slash the orc priest! You burn the orc priest.
The orc priest is severely wounded.
The orc priest invokes the aid of Beogh against you.
Pain shoots through your body!
The orc priest calls down the wrath of Beogh upon you.
Beogh smites you!
You die...

#......... ##......# # #........#
###..###..###. #........########
#........###..
#......##.##.#.###.........##..
#.†...#..#....#.............#
##...........................
###..........#...).##..........
#...##.......#.)#...........#..
##...##......#@)##..[.......##.
#####.##...#..##o^##............
#.....#.......##..###...........
#..........####.................
##...#.......##.................
##.###..##...#..###............ #
#.## #.## #......#.............
.##..###..######§..........##...#
..#........#.##§§.....#....#....#


You could see an orc priest.

Vanquished Creatures
  3 gnolls
  A worm (D:3)
  3 dart slugs
  3 orcs (D:4)
  4 ball pythons
  2 bats (D:3)
  8 endoplasms
  2 giant cockroaches
  3 goblins
  6 hobgoblins
  A frilled lizard (D:2)
  2 kobolds
  7 rats
45 creatures vanquished.

Vanquished Creatures (others)
  2 foxfires (D:3)
  13 plants (D:1)
15 creatures vanquished.

Grand Total: 60 creatures vanquished

Notes
Turn   | Place    | Note
-------+----------+-------------------------------------------
     0 | D:1      | rgdtfgyuhij the Human Cinder Acolyte began the quest for
                  | the Orb.
     0 | D:1      | Reached XP level 1. HP: 18/18 MP: 2/2
   268 | D:1      | Reached XP level 2. HP: 24/24 MP: 3/3
   817 | D:1      | Reached XP level 3. HP: 29/29 MP: 4/4
  1097 | D:2      | Reached skill level 1 in Dodging
  1230 | D:2      | Found a broken altar of Ashenzari.
  2042 | D:3      | Reached XP level 4. HP: 28/35 MP: 4/6
  2480 | D:3      | Found a white marble altar of Elyvilon.
  2624 | D:3      | Fell from the grace of Ignis
  2624 | D:3      | Became a worshipper of Elyvilon the Healer
  2752 | D:3      | Found Xautacam's Magic Scroll Shop.
  2760 | D:3      | Bought a scroll of identify for 24 gold pieces
  3020 | D:4      | Reached * piety under Elyvilon
  3065 | D:4      | Reached skill level 1 in Armour
  3118 | D:4      | Noticed a steam dragon
  3154 | D:4      | Killed from afar by an orc priest

Illustrated notes

Levels and vault maps discovered:
D:1:      minmay_arrival_diagonal_passages, layout_basic, supply_closet_lemuel,
          kennysheep_boxes
D:2:      layout_basic, basic_altar, kennysheep_generic_room_13
D:3:      layout_rooms, old_standard_altar, serial_shops,
          nicolae_shop_behind_doors
D:4:      layout_cave_pools

Skill      XL: |  1  2  3  4 |
---------------+-------------+-----
Dodging        | 1 |  1.1
Armour         | 1 |  1.1
Fighting       | |  3.8
Axes           | |  3.6
Shields        | |  0.6
Spellcasting   | |  1.5
Fire Magic     | |  3.0

Action                   |  1- 3 |  4- 6 || total
-------------------------+-------+-------++-------
Melee: Hand axe          |    85 |    49 ||   134
       Punch             |     1 |       ||     1
Invok: Foxfire Swarm     |     1 |       ||     1
  Use: Scroll            |       |     2 ||     2
Armor: Robe              |     7 |       ||     7
       Ring mail         |    18 |     8 ||    26
       Plate armour      |       |    13 ||    13
       Scale mail        |       |     4 ||     4
Dodge: Dodged            |    48 |    20 ||    68
Block: Kite shield       |     2 |    20 ||    22
